 Dungeon Crawl Stone Soup version 0.31-a0-145-g046c7d2549 (webtiles) character file.

Game seed: 16782615408150563764

37799 Anon1729 the Carver (level 13, -1/122 HPs)
             Began as a Minotaur Monk on June 5, 2023.
             Was the Champion of Uskayaw.
             Slain by an ancient zyme (9 damage)
             ... on level 2 of the Abyss.
             The game lasted 00:14:55 (16333 turns).

Anon1729 the Carver (Minotaur Monk)                Turns: 16333, Time: 00:14:56

Health: -1/122     AC: 18    Str: 17    XL:     13   Next: 60%
Magic:  0/19       EV: 19    Int:  7    God:    Uskayaw [******]
Gold:   962        SH:  0    Dex: 17    Spells: 12/12 levels left

rFire   . . .        w - +2 long sword
rCold   . . .        d - orb {light}
rNeg    . . .        m - +0 chain mail
rPois   +            b - +0 hat {SInv}
rElec   .            C - scarf {shadows}
rCorr   .            (no gloves)
SInv    +            g - +0 pair of boots
Will    .....        l - amulet of faith Stlth
                     H - +5 ring of evasion
HPRegen 0.00/turn    k - ring "Oneuplen" {rPois AC+4}
MPRegen 0.16/turn

%: faith
@: sick, glowing, unable to read
A: horns 2, retaliatory headbutt, no potion heal 1, inability to read after
injury 1
a: Renounce Religion, Stomp, Line Pass, Grand Finale


You were on level 2 of the Abyss.
You worshipped Uskayaw.
Uskayaw was aware of your devotion.
You visited 3 branches of the dungeon, and saw 16 of its levels.
You visited the Abyss 1 time.

You collected 1054 gold pieces.
You spent 92 gold pieces at shops.

Inventory:

Hand Weapons
 a - a +0 falchion
 w - a +2 long sword (weapon)
Missiles
 O - a throwing net (quivered)
Armour
 b - a +0 hat of see invisible (worn)
 d - an orb of light (worn)
 g - a +0 pair of boots (worn)
 m - a +0 chain mail (worn)
 C - a scarf of shadows (worn)
 J - a +0 hat
Jewellery
 e - a ring of flight
 k - the ring "Oneuplen" (right hand) {rPois AC+4}
   (You found it on level 2 of the Dungeon)

   [ring of protection]

   AC:        It affects your AC (+4).
   rPois:     It protects you from poison.
 l - an amulet of faith (around neck)
 A - a ring of resist corrosion
 H - a +5 ring of evasion (left hand)
 L - a ring of fire
 P - an amulet of guardian spirit
 T - a +5 ring of evasion
Wands
 n - a wand of flame (58)
 o - a wand of acid (15)
 z - a wand of charming (34)
 B - a wand of digging (8)
 G - a wand of iceblast (15)
Scrolls
 p - 3 scrolls of immolation
 q - 2 scrolls of magic mapping
 t - 4 scrolls of teleportation
 v - a scroll of blinking
 x - 2 scrolls of vulnerability
 y - 2 scrolls of enchant armour
 D - 2 scrolls of fog
 E - 2 scrolls of enchant weapon
 M - a scroll of torment
 S - a scroll of fear
Potions
 c - a potion of ambrosia
 h - 3 potions of heal wounds
 i - 3 potions of curing
 j - 5 potions of lignification
 s - 3 potions of magic
 F - a potion of berserk rage
 Q - a potion of haste
Miscellaneous
 I - a lightning rod (4/4)


   Skills:
 + Level 13.4 Fighting
 + Level 13.4 Long Blades
 + Level 12.8 Armour
 + Level 12.4 Dodging
 + Level 10.0 Invocations


You had 12 spell levels left.
You didn't know any spells.
Your spell library contained the following spells:

 Spells                   Type           Power      Damage    Failure   Level
 Kiss of Death            Conj/Necr      0%         2d5       96%         1
 Sting                    Tmut/Pois      0%         1d3       96%         1
 Ensorcelled Hibernation  Hex/Ice        0%         N/A       99%         2
 Passwall                 Tmut/Erth      0%         N/A       99%         2
 Poisonous Vapours        Pois/Air       0%         N/A       99%         2
 Confusing Touch          Hex            0%         N/A       100%        3
 Inner Flame              Hex/Fire       0%         N/A       100%        3
 Portal Projectile        Hex/Tloc       0%         N/A       100%        3
 Swiftness                Air            0%         N/A       100%        3
 Tukima's Dance           Hex            0%         N/A       100%        3
 Dispel Undead            Necr           0%         3d6       100%        4
 Olgreb's Toxic Radiance  Pois           0%         N/A       100%        4
 Blade Hands              Tmut           0%         N/A       100%        5
 Summon Forest            Summ/Tloc      0%         N/A       100%        5
 Yara's Violent Unravell  Hex/Tmut       0%         3d3       100%        5
 Eringya's Noxious Bog    Tmut/Pois      0%         N/A       100%        6
 Enfeeble                 Hex            0%         N/A       100%        7
 Summon Hydra             Summ           0%         N/A       100%        7


Dungeon Overview and Level Annotations

Branches:
Dungeon (13/15)            Temple (1/1) D:7            Lair (2/5) D:8
 Shoals (0/4) Lair:2          Orc (0/2) D:11         Vaults (0/5) D:13
  Snake: Lair:2-3    Spider: Lair:2-3

Altars:
Ashenzari
Cheibriados
Elyvilon
Fedhas
Gozag
Hepliaklqana
Kikubaaqudgha
Makhleb
Nemelex Xobeh
Okawaru
Qazlal
Ru
Sif Muna
Trog
Uskayaw
Vehumet
Wu Jian
Yredelemnul
Zin
The Shining One

Shops:
D:1 *==   D:2 (   D:4 [   D:9 [   D:10 *   D:11 =

Annotations:
D:6 3 runed translucent doors, MackTheKnife's ghost, amateur VSBe
D:11 2 runed translucent doors
Lair:2 Sonja


Innate Abilities, Weirdness & Mutations

You have a pair of horns on your head.
You reflexively headbutt those who attack you in melee.
Potions are less effective at restoring your health.
You occasionally lose the ability to read scrolls when taking damage.


Message History

The shadow imp hits you but does no damage.
You slash the lorocyproca!
The lorocyproca is almost dead.
The lorocyproca closely misses you. You furiously retaliate!
You headbutt the lorocyproca. The shadow imp misses you.
You feel ill.
You can now merge with and destroy a victim.
You hit the lorocyproca.
You kill the shadow imp!
The lorocyproca is almost dead.
The lorocyproca hits you!!
You feel threatened and lose the ability to read scrolls!
* * * LOW HITPOINT WARNING * * *
You feel your power leaking away.
You hit the lorocyproca. Your headbutt misses the lorocyproca.
The lorocyproca is almost dead.
Your system partially rejects the healing.
You feel much better.
The ancient zyme is no longer sharing its pain.
The lorocyproca hits you but does no damage.
You slash the lorocyproca!
You kill the lorocyproca!
The ancient zyme completely misses you. You furiously retaliate!
You headbutt the ancient zyme. The ancient zyme misses you.
Your system partially rejects the healing.
You feel much better. The ancient zyme hits you!
* * * LOW HITPOINT WARNING * * *
The ancient zyme hits you but does no damage.
You hit the ancient zyme. You headbutt the ancient zyme!
The ancient zyme is moderately damaged.
The ancient zyme hits you but does no damage.
The ancient zyme misses you.
You slash the ancient zyme! You headbutt the ancient zyme!
The ancient zyme is severely damaged.
You slash the ancient zyme!
You headbutt the ancient zyme, but do no damage.
The ancient zyme is almost destroyed.
The ancient zyme hits you.
* * * LOW HITPOINT WARNING * * *
The ancient zyme hits you!
You die...

. .## .# ....
~~♣~ .
.....########. ..
. #..x@.......#.
#
#....#.#..#..≈...
.....###
...#..#..~ .....
#.##....~~. ##
.##. ##.....#.#
#. #. . .# # ~. .
...#..# ### ~.
..### . # ~ #. .#
#####.. ~


You could see an ancient zyme.

Vanquished Creatures
  Gastronok (Lair:2)
  A lorocyproca (Abyss:2)
  An elf zombie (Abyss:2)
  A vault guard (D:13)
  Erolcha (D:11)
  2 catoblepae
  3 two-headed ogres (D:12)
  2 centaur warriors
  5 death yaks (Lair:1)
  2 thrashing horrors (Abyss:2)
  Nergalle (Lair:1)
  A glowing orange brain (Abyss:2)
  Pikel (D:8)
  An ugly thing (D:11)
  A manticore (D:13)
  Joseph (D:7)
  3 smoke demons (Abyss:2)
  5 cane toads
  2 kobold demonologists (D:13)
  A komodo dragon (shapeshifter) (D:13)
  4 komodo dragons (Lair:1)
  An ancient zyme (Abyss:2)
  4 trolls
  A polar bear (Lair:2)
  A hornet (D:10)
  Grinder (D:5)
  5 blink frogs (Lair:1)
  2 small abominations (Abyss:2)
  12 slime creatures
  4 vampires
  A wraith (D:11)
  Sigmund (D:2)
  39 yaks
  A shadow (D:10)
  A ynoxinul (Abyss:2)
  2 wyverns
  4 humans (D:13)
  3 steam dragons
  2 basilisks (D:13)
  A neqoxec (Abyss:2)
  16 vampire mosquitoes
  An acid dragon (D:9)
  Menkaure (D:5)
  2 water moccasins
  An orc warrior (D:8)
  A sky beast (D:7)
  3 black bears
  6 centaurs
  A lemure (D:8)
  A phantom (D:5)
  5 kobold brigands
  11 bullfrogs
  2 gnoll sergeants
  4 scorpions
  7 wights
  3 killer bees (D:10)
  A jelly (D:5)
  5 hounds
  4 orc priests
  2 sleepcaps
  6 orc wizards
  17 gnolls
  6 adders
  A shadow imp (Abyss:2)
  2 white imps (Abyss:2)
  A worm (D:2)
  14 dart slugs
  16 orcs
  2 ball pythons
  4 endoplasms
  2 giant cockroaches
  8 goblins
  3 hobgoblins
  25 kobolds
  5 quokkas
  5 bats
  2 frilled lizards (D:1)
  4 rats
326 creatures vanquished.

Vanquished Creatures (others)
  A vault guard (D:13)
1 creature vanquished.

Grand Total: 327 creatures vanquished

Notes
Turn   | Place    | Note
-------+----------+-------------------------------------------
     0 | D:1      | Anon1729 the Minotaur Monk began the quest for the Orb.
     0 | D:1      | Reached XP level 1. HP: 19/19 MP: 0/0
    29 | D:1      | Found Meic's Jewellery Shoppe.
    68 | D:1      | Reached XP level 2. HP: 27/27 MP: 1/1
   310 | D:1      | Reached skill level 1 in Armour
   363 | D:1      | Found Leostifa's Assorted Antiques.
   365 | D:1      | Found Cikisajiu's Jewellery Shoppe.
   375 | D:1      | Bought a lumpy sapphire potion for 14 gold pieces
   375 | D:1      | Bought a lumpy sapphire potion for 14 gold pieces
   775 | D:2      | Found Xooturchyw's Weapon Shop.
   781 | D:2      | Reached XP level 3. HP: 28/33 MP: 2/2
   813 | D:2      | Identified the ring "Oneuplen" {rPois AC+4}
   955 | D:2      | Noticed Sigmund
   968 | D:2      | Killed Sigmund
   969 | D:2      | Reached XP level 4. HP: 32/41 MP: 3/3
   969 | D:2      | Reached XP level 5. HP: 37/47 MP: 4/4
  1352 | D:3      | Reached skill level 5 in Fighting
  1352 | D:3      | Reached skill level 5 in Long Blades
  1968 | D:1      | Bought a shiny glass wand for 64 gold pieces
  2106 | D:4      | Reached XP level 6. HP: 56/56 MP: 5/5
  2296 | D:4      | Found Kidezoiq's Antique Armour Emporium.
  2633 | D:4      | Reached skill level 5 in Dodging
  2671 | D:5      | Entered Level 5 of the Dungeon
  2784 | D:5      | Reached XP level 7. HP: 41/62 MP: 6/6
  3229 | D:5      | Noticed Menkaure
  3238 | D:5      | Killed Menkaure
  3513 | D:5      | Reached skill level 5 in Armour
  3821 | D:5      | Noticed Grinder
  3829 | D:5      | Killed Grinder
  3830 | D:5      | Reached skill level 1 in Invocations
  3830 | D:5      | Reached XP level 8. HP: 67/71 MP: 6/8
  4165 | D:6      | Noticed MackTheKnife's ghost (amateur VSBe)
  4181 | D:6      | Found a runed translucent gate.
  4360 | D:6      | Found a runed translucent gate.
  4360 | D:6      | Found a runed translucent gate.
  4882 | D:6      | Found a hazy altar of Hepliaklqana.
  4883 | D:6      | Found an ornate altar of the Wu Jian Council.
  5147 | D:7      | Reached XP level 9. HP: 78/80 MP: 10/10
  5310 | D:7      | Noticed Joseph
  5324 | D:7      | Killed Joseph
  5474 | D:7      | Found a staircase to the Ecumenical Temple.
  5530 | Temple   | Entered the Ecumenical Temple
  5542 | Temple   | Became a worshipper of Uskayaw the Reveller
  5542 | Temple   | Reached * piety under Uskayaw
  5711 | D:7      | Reached ** piety under Uskayaw
  6404 | D:8      | Reached *** piety under Uskayaw
  6406 | D:8      | Reached **** piety under Uskayaw
  6410 | D:8      | Reached ***** piety under Uskayaw
  6417 | D:8      | Reached ****** piety under Uskayaw
  6976 | D:8      | Noticed Pikel
  6988 | D:8      | Killed Pikel
  6989 | D:8      | Reached XP level 10. HP: 58/91 MP: 12/12
  7190 | D:8      | Found a staircase to the Lair.
  7198 | D:8      | Reached skill level 5 in Invocations
  8182 | D:9      | Found Mousomov's Armour Emporium.
  8194 | D:9      | Reached skill level 10 in Fighting
  8303 | D:10     | Entered Level 10 of the Dungeon
  8318 | D:10     | Reached skill level 10 in Long Blades
  8463 | D:10     | Reached XP level 11. HP: 90/99 MP: 14/14
  9199 | D:10     | Found Zin's Purification Station.
  9203 | D:10     | Found a glowing silver altar of Zin.
  9505 | D:10     | Reached skill level 10 in Armour
  9694 | D:11     | Noticed a purple ugly thing
  9701 | D:11     | Killed a purple ugly thing
  9707 | D:11     | Reached skill level 10 in Dodging
 10021 | D:11     | Found a runed translucent door.
 10113 | D:11     | Found a runed translucent door.
 10291 | D:11     | Noticed Erolcha
 10302 | D:11     | Killed Erolcha
 10413 | D:11     | Noticed a skeletal warrior
 10426 | D:11     | Noticed a skeletal warrior
 10450 | D:11     | Found a staircase to the Orcish Mines.
 10457 | D:11     | Found Diclasso's Jewellery Boutique.
 10878 | D:12     | Noticed a two-headed ogre
 10890 | D:12     | Killed a two-headed ogre
 11001 | D:12     | Noticed a two-headed ogre
 11006 | D:12     | Killed a two-headed ogre
 11007 | D:12     | Reached XP level 12. HP: 93/110 MP: 16/16
 11175 | D:12     | Noticed a centaur warrior
 11212 | D:12     | Killed a centaur warrior
 11577 | D:12     | Noticed a two-headed ogre
 11584 | D:12     | Killed a two-headed ogre
 11957 | D:12     | Identified the +0 robe of the Gate {rC+}
 12285 | D:13     | Killed a vault guard
 12324 | D:13     | Noticed a catoblepas
 12338 | D:13     | Killed a catoblepas
 12894 | D:13     | Noticed a centaur warrior
 12907 | D:13     | Killed a centaur warrior
 13038 | D:13     | Noticed a vault guard
 13038 | D:13     | Noticed a vault guard
 13039 | D:13     | Noticed a vault guard
 13317 | D:13     | Noticed a vault guard
 13332 | D:13     | Killed a vault guard
 13373 | D:13     | Found a gate to the Vaults.
 13552 | Lair:1   | Entered Level 1 of the Lair of Beasts
 13587 | Lair:1   | Noticed a catoblepas
 13614 | Lair:1   | HP: 5/113 [catoblepas (19)]
 13618 | Lair:1   | Killed a catoblepas
 14177 | Lair:1   | Identified the +0 robe "Jidgh" {Will+}
 14289 | Lair:1   | Reached XP level 13. HP: 81/119 MP: 18/18
 14674 | Lair:1   | Noticed Nergalle
 14690 | Lair:1   | Killed Nergalle
 15851 | Lair:2   | Noticed Gastronok
 15866 | Lair:2   | Killed Gastronok
 15970 | Lair:2   | Found a staircase to the Shoals.
 15974 | Lair:2   | Noticed Sonja
 15979 | Abyss:1  | Cast into level 1 of the Abyss (Sonja)
 15997 | Abyss:2  | Found a corrupted altar of Lugonu.
 16093 | Abyss:2  | Gained mutation: Potions are less effective at restoring
                  | your health. [a neqoxec]
 16094 | Abyss:2  | Gained mutation: You occasionally lose the ability to read
                  | scrolls when taking damage. [a neqoxec]
 16301 | Abyss:2  | Noticed a lorocyproca
 16321 | Abyss:2  | Reached skill level 10 in Invocations
 16326 | Abyss:2  | HP: 2/122 [lorocyproca (27)]
 16329 | Abyss:2  | Killed a lorocyproca
 16333 | Abyss:2  | Slain by an ancient zyme

Illustrated notes

Levels and vault maps discovered:
D:1:      dpeg_arrival_windows_large_door, layout_basic, serial_shops, shop,
          shop, shop
D:2:      layout_basic, serial_shops, nicolae_shop_advertising_works
          [nicolae_subvault_shop_adworks], uniq_sigmund
D:3:      layout_rooms
D:4:      kennysheep_slugbush, layout_gridville, serial_shops, shop
D:5:      layout_gridville, nicolae_elevator_lobby_plus, uniq_menkaure,
          uniq_grinder
D:6:      cheibrodos_steamvent, layout_loops_cross,
          mainiacjoe_overflow_divided_tiny, gammafunk_ghost_split
D:7:      layout_layer_cave, minmay_temple_entry_statues, uniq_joseph
D:8:      layout_cave_pools, grunt_lair_entry_orc_guard_hut,
          kennysheep_pointless_box, uniq_pikel
D:9:      layout_basic, serial_shops, nicolae_stop_n_shop_2
D:10:     layout_gridville, zin_purify, nicolae_overflow_hidden_temple,
          minmay_starry_boxes
D:11:     lemuel_insect_pit, layout_basic, orc_0_dummy, serial_glass,
          glass_columns_c, glass_columns_b, serial_shops, shop, kb_rosetta,
          uniq_erolcha
D:12:     layout_gridville
D:13:     layout_basic, ximxim_vaults_locker_room
Temple:   sentei_temple_godly_chess
Lair:1:   layout_cellular_growth, uniq_nergalle
Lair:2:   layout_roguey, shoals_dummy_entry, grunt_forest_large_clearings,
          infiniplex_staircase_pool, serial_bayou_shore_b, uniq_gastronok,
          uniq_maggie, uniq_prince_ribbit2, uniq_sonja
Abyss:2:  base: D:5, hangedman_abyss_feature_spike, evilmike_abyss_exit_7,
          evilmike_abyss_exit_plants

Skill      XL: |  1  2  3  4  5  6  7  8  9 10 11 12 13 |
---------------+----------------------------------------+-----
Fighting       | 4 5 6 7 9 10 11 12 13 | 13.4
Long Blades    | 4 5 6 7 9 10 11 12 13 | 13.4
Armour         | 1 2 3 4 5 6 7 9 10 12 | 12.8
Dodging        | 4 5 6 7 8 9 10 11 12 | 12.4
Invocations    | 1 3 4 6 7 9 10 | 10.0

Action                     |  1- 3 |  4- 6 |  7- 9 | 10-12 | 13-15 || total
---------------------------+-------+-------+-------+-------+-------++-------
  Melee: Falchion          |    60 |   109 |    91 |       |       ||   260
         Headbutt          |    12 |    23 |    74 |   181 |    58 ||   348
         Long sword        |       |       |   148 |   594 |   186 ||   928
 Invoke: Stomp             |       |       |       |     2 |     2 ||     4
         Line Pass         |       |       |       |     2 |     1 ||     3
         Grand Finale      |       |       |       |       |     1 ||     1
  Evoke: Wand              |       |       |       |     1 |     2 ||     3
    Use: Scroll            |       |       |       |    13 |       ||    13
         Potion            |       |       |       |     2 |    11 ||    13
   Stab: Paralysed         |       |       |     5 |    67 |    25 ||    97
         Petrified         |       |       |       |     2 |       ||     2
         Confused          |       |       |       |       |     1 ||     1
 Armour: Robe              |     9 |    17 |       |       |       ||    26
         Chain mail        |       |    48 |   179 |   220 |    84 ||   531
         Skin              |       |       |       |       |     4 ||     4
  Dodge: Dodged            |    34 |    63 |   121 |   487 |   165 ||   870

Table legend: (Time is in decaauts)
 A = Elapsed time spent in this place.
 B = Non-inter-level travel time spent in this place.
 C = Inter-level travel time spent in this place.
 D = Time resting spent in this place.
 E = Time spent auto-exploring this place.
 F = Levels seen in this place.
 G = Mean time per level.
                   A        B        C        D        E       F      G
               +--------+--------+--------+--------+--------+-----+--------+
         Total |  16237 |  15494 |    743 |   1133 |  11959 |  18 |  902.1 |
       Dungeon |  13725 |  13048 |    677 |   1060 |  10051 |  13 | 1055.8 |
        Temple |     21 |     12 |      9 |      0 |      0 |   1 |   21.0 |
          Lair |   2131 |   2075 |     56 |     65 |   1691 |   2 | 1065.5 |
         Abyss |    358 |    358 |      0 |      8 |    217 |   2 |  179.0 |
               +--------+--------+--------+--------+--------+-----+--------+

Top non-repeatable levels by time:
  Lair:1: 1912 daAuts
    D:10: 1584 daAuts
    D:12: 1566 daAuts
     D:7: 1315 daAuts
     D:5: 1287 daAuts
     D:8: 1185 daAuts
     D:6: 1096 daAuts
    D:13: 1089 daAuts
     D:9: 1015 daAuts
    D:11: 903 daAuts
     D:1: 769 daAuts
     D:4: 729 daAuts
     D:3: 609 daAuts
     D:2: 573 daAuts
 Abyss:2: 353 daAuts
